 Dungeon Crawl Stone Soup version 0.24.0-37-gcf1ca852f1 (console) character file.

Game seed: 1782577079924172799, levelgen mode: deterministic

1383 Morrissey the Cudgeler (level 8, -9/51 HPs)
             Began as a Gargoyle Fighter on Nov 23, 2019.
             Was a Follower of Okawaru.
             Mangled by a manticore (16 damage)
             ... on level 6 of the Dungeon.
             The game lasted 00:09:37 (4738 turns).

Morrissey the Cudgeler (Gargoyle Fighter)           Turns: 4738, Time: 00:09:37

Health: -9/51      AC: 14    Str: 23    XL:     8   Next: 67%
Magic:  8/8        EV: 13    Int:  8    God:    Okawaru [*.....]
Gold:   270        SH: 11    Dex: 19    Spells: 7/7 levels left

rFire    . . .     SeeInvis .   a - +0 flail
rCold    . . .     Gourm    .   c - +0 shield
rNeg     + + .     Faith    .   b - +0 scale mail
rPois    ∞         Spirit   .   (no helmet)
rElec    +         Reflect  .   (no cloak)
rCorr    .         Harm     .   g - +0 pair of gloves
MR       .....                  (no boots)
Stlth    +.........             (no amulet)
HPRegen  0.17/turn              r - ring of positive energy
MPRegen  0.11/turn              v - +5 ring of dexterity

@: agile, barbed spikes
A: negative energy resistance 1, electricity resistance, unbreathing,
petrification resistance, rot immunity, AC +5
a: Heroism, Renounce Religion


You were on level 6 of the Dungeon.
You worshipped Okawaru.
Okawaru was aware of your devotion.
You were not hungry.

You visited 2 branches of the dungeon, and saw 7 of its levels.
You also visited: Sewer.

You collected 270 gold pieces.

Inventory:

Hand Weapons
 a - a +0 flail (weapon)
Armour
 b - a +0 scale mail (worn)
 c - a +0 shield (worn)
 g - a +0 pair of gloves (worn)
Jewellery
 r - a ring of positive energy (left hand)
 v - a +5 ring of dexterity (right hand)
Wands
 s - a wand of random effects (13)
Scrolls
 h - a scroll of immolation {unknown}
 i - a scroll of magic mapping {unknown}
 j - 4 scrolls of remove curse {unknown}
 l - a scroll of fear {unknown}
 n - 2 scrolls of amnesia {unknown}
 p - 3 scrolls of teleportation {unknown}
 q - 4 scrolls of identify {unknown}
 y - a scroll of noise {unknown}
 B - a scroll of enchant weapon {unknown}
Potions
 d - a potion of resistance {unknown}
 e - 2 potions of agility
 k - a potion of mutation {unknown}
 m - a potion of haste {unknown}
 o - 4 potions of flight {unknown}
 t - 4 potions of curing
 u - 3 potions of heal wounds {unknown}
 w - a potion of might
 x - a potion of degeneration {unknown}
 z - a potion of ambrosia {unknown}
 A - 2 potions of lignification {unknown}
Comestibles
 f - 4 rations


   Skills:
 + Level 6.0 Fighting
 * Level 6.8 Maces & Flails
 + Level 6.0 Armour
 + Level 6.0 Shields


You had 7 spell levels left.
You didn't know any spells.
Your spell library was empty.

Dungeon Overview and Level Annotations

Branches:
Dungeon (6/15)             Temple (1/1) D:5           Sewer (visited)

Altars:
Cheibriados
Dithmenos
Elyvilon
Fedhas
Gozag
Hepliaklqana
Kikubaaqudgha
Nemelex Xobeh
Okawaru
Qazlal
Sif Muna
Trog
Uskayaw
Vehumet
Wu Jian
Xom
Zin
The Shining One

Shops:
D:5 *


Innate Abilities, Weirdness & Mutations

You are resistant to torment.
Your stone body is resilient. (AC +5)
You are immune to poison.
You resist negative energy. (rN+)
You are resistant to electric shocks. (rElec)
You can survive without breathing.
You are immune to petrification.
You are immune to rotting.


Message History

It was a potion of agility.
You feel agile all of a sudden.
You feel better.
The manticore bites you but does no damage.
You block the manticore's attack. x2
You barely miss the manticore.
The manticore bites you but does no damage.
You block the manticore's attack. The manticore misses you.
You hit the manticore but do no damage.
The manticore bites you but does no damage.
You block the manticore's attack. The manticore barely misses you.
You sock the manticore!
The manticore is lightly wounded.
The manticore bites you!
* * * LOW HITPOINT WARNING * * *
The manticore misses you. The manticore barely misses you.
You sock the manticore!
The manticore is moderately wounded.
The manticore bites you!
You die...

#.....##...##.####.....
##...##...............
.##(##...............
###..##..).........#
.(÷).##.#...#.#.#..#
#.##....#..........#
.....##.###.###....###.#
.....##.....# #.H......#
#.#.###.##### #.@..####
#.............))#..#
....###.######..#....#
##..# ... ............
#... .. ###..##.#.###
### #..# .#.# #... .. .
#.## .. .


You could see a manticore.

Vanquished Creatures
  2 sky beasts (D:6)
  2 centaurs
  5 big kobolds (Sewer)
  A howler monkey (D:4)
  2 crimson imps
  4 orc priests
  2 orc wizards
  Jessica (D:2)
  A centaur skeleton (D:4)
  Terence (D:2)
  An iguana (D:3)
  4 worker ants
  A gnoll (D:4)
  9 adders
  4 oozes
  2 worms
  2 dart slugs (D:1)
  5 leopard geckos
  7 orcs
  8 bats
  8 giant cockroaches
  4 goblins
  5 hobgoblins
  9 jackals
  3 quokkas
  2 ball pythons (Sewer)
  13 kobolds
  6 rats
114 creatures vanquished.

Notes
Turn   | Place    | Note
-------+----------+-------------------------------------------
     0 | D:1      | Morrissey the Gargoyle Fighter began the quest for the Orb.
     0 | D:1      | Reached XP level 1. HP: 14/14 MP: 1/1
   420 | D:1      | Reached XP level 2. HP: 19/19 MP: 2/2
   544 | D:2      | Noticed Jessica
   558 | D:2      | Reached XP level 3. HP: 22/23 MP: 3/3
   571 | D:2      | Killed Jessica
   756 | D:2      | Noticed Terence
   769 | D:2      | Killed Terence
   769 | D:2      | Reached XP level 4. HP: 24/29 MP: 4/4
  1522 | D:3      | Reached XP level 5. HP: 32/33 MP: 5/5
  1715 | D:3      | Found a glowing drain.
  1758 | Sewer    | Entered a sewer
  1779 | Sewer    | Noticed a big kobold
  1795 | Sewer    | Killed a big kobold
  1795 | Sewer    | Reached XP level 6. HP: 29/39 MP: 6/6
  2084 | Sewer    | HP: 1/39 [big kobold (5)]
  2088 | Sewer    | Reached XP level 7. HP: 22/44 MP: 7/7
  2092 | Sewer    | Reached skill level 5 in Maces & Flails
  2380 | D:3      | Reached skill level 5 in Armour
  2385 | D:3      | Reached skill level 5 in Fighting
  2385 | D:3      | Reached skill level 5 in Shields
  2866 | D:3      | Found a shimmering blue altar of Sif Muna.
  3263 | D:4      | Found an iron altar of Okawaru.
  3282 | D:4      | Became a worshipper of Warmaster Okawaru
  3495 | D:4      | Found a glowing silver altar of Zin.
  3600 | D:5      | Entered Level 5 of the Dungeon
  3666 | D:5      | Reached XP level 8. HP: 20/50 MP: 8/8
  3982 | D:5      | Found a shadowy altar of Dithmenos.
  4027 | D:5      | Found a staircase to the Ecumenical Temple.
  4101 | Temple   | Entered the Ecumenical Temple
  4404 | D:5      | Found Xoreich's Assorted Antiques.
  4567 | D:6      | Found a hazy altar of Hepliaklqana.
  4677 | D:6      | Reached * piety under Okawaru
  4725 | D:6      | Noticed a manticore
  4738 | D:6      | Mangled by a manticore

Levels and vault maps discovered:
D:1:      tarquinn_simple_flora_water_b, layout_basic
D:2:      layout_basic, first_ration, uniq_terence, uniq_jessica
D:3:      layout_loops_ring, lemuel_blue_sif_altar, gup_sewer_entry_glass
D:4:      layout_basic, overflow_temple_1_default, okawaru_altar_gauntlet_db
D:5:      layout_rooms, nicolae_dithmenos_shadow_blocks,
          minmay_temple_entry_glass, serial_shops, kennysheep_mini
D:6:      layout_basic, lemuel_round_altar
Temple:   nicolae_temple_figure_eight

Skill      XL: |  1  2  3  4  5  6  7  8 |
---------------+-------------------------+-----
Maces & Flails | 3 4 5 6 |  6.8
Armour         | 4 5 6 |  6.0
Fighting       | 4 5 6 |  6.0
Shields        | 4 5 6 |  6.0

Action                   |  1- 3 |  4- 6 |  7- 9 || total
-------------------------+-------+-------+-------++-------
Melee: Flail             |    60 |   255 |   232 ||   547
  Use: Potion            |       |     4 |     3 ||     7
  Eat: Chunk             |       |     4 |     6 ||    10
       Ration            |       |       |     1 ||     1
Armor: Scale mail        |    34 |   181 |   137 ||   352
Dodge: Dodged            |    13 |   128 |    74 ||   215
Block: Shield            |    31 |   195 |   141 ||   367
